Map: World of Sleepers LE

Players

PtitDrogo - Winner!

  • Race: Protoss Protoss
  • Spawn Location: 1:00

Lambo

  • Race: Zerg Zerg
  • Spawn Location: 7:00

VOD

Have the link to the VOD?

Description

Time

  • Played on: Sept. 7, 2019, 11:57 a.m.
  • Length: 13:59
Show
View Real Time Build Order
Export as new Build Order

PtitDrogo Protoss - Winner!

Build Orders: 1 Gate Expand, Zealot Archon, Archon Drop, Dark Templar Rush 

Get SALT Encoding   

  12  0:00  Probe  
  13  0:13  Probe  
  14  0:21  Pylon  
  14  0:25  Probe  
  15  0:35  Probe  
  16  0:43  Probe  
  16  0:44  Gateway  
  17  0:53  Probe  
  17  0:54  Assimilator  
  18  1:05  Probe  
  19  1:17  Probe  
  20  1:26  Nexus  
  20  1:37  Cybernetics Core  
  20  1:39  Probe  
  21  1:45  Assimilator  
  21  1:53  Pylon, Probe  
  22  2:03  Adept  
  22  2:05  Probe  
  25  2:17  Probe  
  25  2:18  Twilight Council  
  26  2:25  Warp Gate  
  26  2:29  Probe  
  27  2:33  Stalker  
  27  2:35  Probe  
  27  2:37  Probe  
  29  2:43  Probe  
  31  2:45  Probe  
  33  2:53  Probe  
  33  2:55  Probe  
  33  2:58  Robotics Facility  
  35  3:07  Probe  
  35  3:10  Probe  
  37  3:19  Probe  
  38  3:20  Dark Shrine  
  38  3:22  Probe  
  38  3:25  Gateway  
  39  3:32  Probe  
  40  3:35  Warp Prism  
  40  3:37  Gateway x2  
  40  3:38  Probe  
  41  3:47  Probe  
  44  3:50  Assimilator  
  44  3:53  Assimilator  
  44  3:56  Pylon  
  44  3:58  Probe  
  44  4:00  Probe  
  46  4:14  Probe  
  46  4:16  Pylon  
  47  4:17  Adept  
  47  4:22  Probe  
  50  4:26  Probe  
  51  4:34  Probe  
  52  4:38  Dark Templar x4  
  52  4:42  Pylon, Archon  
  60  4:48  Archon  
  60  4:52  Nexus  
  60  4:58  Probe x2  
  62  5:00  Pylon  
  62  5:01  Observer  
  63  5:16  Probe  
  63  5:19  Probe  
  63  5:21  Forge, Sentry x2  
  67  5:22  Pylon  
  67  5:23  Zealot  
  67  5:24  Immortal  
  67  5:25  Dark Templar  
  67  5:27  Pylon  
  73  5:28  Probe  
  73  5:34  Protoss Ground Weapons Level 1  
  78  5:40  Probe x2  
  80  5:48  Probe  
  80  5:52  Charge  
  81  5:57  Probe  
  81  6:01  Probe x2  
  81  6:04  Immortal  
  83  6:05  Templar Archives  
  83  6:06  Gateway x2  
  83  6:09  Probe  
  85  6:14  Probe  
  85  6:17  Probe  
  91  6:21  Probe  
  92  6:35  Immortal  
  90  6:41  Probe x2  
  90  6:43  Probe  
  90  6:45  Stargate  
  97  6:48  Gateway  
  97  6:50  Gateway, Assimilator  
  97  6:54  Probe  
  97  6:56  Pylon  
  97  6:58  Assimilator  
  97  6:59  Photon Cannon  
  98  7:01  Pylon  
  98  7:04  Zealot x3, High Templar x2  
  98  7:06  Pylon  
  98  7:07  Psionic Storm  
  108  7:08  Photon Cannon  
  108  7:11  Probe  
  109  7:25  Probe, Protoss Ground Weapons Level 2  
  109  7:29  Probe  
  111  7:31  High Templar  
  111  7:32  Probe  
  111  7:34  Pylon  
  114  7:37  Probe  
  114  7:39  Stalker x2  
  114  7:42  Probe  
  120  7:44  Shield Battery  
  120  7:45  Shield Battery  
  120  7:47  Shield Battery  
  120  7:48  Pylon  
  120  7:49  Zealot x3  
  126  7:56  Gateway  
  126  8:00  Gateway  
  126  8:03  Dark Templar  
  128  8:10  Archon  
  124  8:14  Phoenix  
  124  8:15  Stalker x6  
  134  8:35  Phoenix  
  134  8:37  Dark Templar  
  134  8:40  Nexus  
  138  8:44  Pylon  
  138  8:46  Unknown  
  138  8:47  High Templar, Probe  
  141  8:52  Phoenix  
  141  8:55  Probe  
  141  9:01  Pylon  
  141  9:02  Dark Templar  
  146  9:04  Probe x2  
  146  9:05  Pylon  
  146  9:07  Pylon  
  148  9:13  Probe  
  148  9:16  Zealot x2, High Templar x2  
  157  9:23  Probe  
  158  9:27  Phoenix  
  158  9:34  Probe  
  158  9:36  Probe x2  
  163  9:40  Photon Cannon, High Templar x2  
  163  9:41  Zealot x6  
  177  9:47  Phoenix  
  177  10:05  Probe x2  
  177  10:07  Photon Cannon  
  179  10:08  High Templar x2  
  179  10:09  Zealot x6  
  195  10:17  Archon  
  195  10:23  Pylon  
  195  10:26  Pylon  
  195  10:27  Oracle  
  194  10:28  Probe  
  194  10:32  Protoss Ground Weapons Level 3  
  153  10:38  Zealot x4  
  153  10:39  Zealot x2  
  165  10:45  Zealot x4  
  165  10:49  Archon x2  
  155  10:51  Warp Prism  
  137  11:00  Zealot x6  
  147  11:10  Zealot x4  
  153  11:20  Probe  
  153  11:22  Probe  
  141  11:29  High Templar x4, Probe  
  141  11:30  High Templar x6  
  141  11:31  Probe  
  141  11:32  Probe  
  144  11:36  Archon x4  
  144  11:37  Archon  
  142  11:44  Immortal  
  132  11:52  Probe  
  121  11:55  Nexus  
  121  12:01  Pylon  
  125  12:10  Zealot x5, High Templar x5  
  143  12:16  Immortal  
  147  12:31  Zealot x3, High Templar x2  
  147  12:33  Assimilator x2  
  157  12:37  Photon Cannon  
  157  12:39  Photon Cannon  
  157  12:41  Photon Cannon  
  157  12:42  Zealot x3  
  157  12:43  Shield Battery, Zealot  
  165  12:45  Immortal, Zealot  
  165  12:47  Archon  
  167  12:55  Gateway  
  167  12:56  Zealot, Gateway, High Templar x2  
  177  13:02  Stalker x3  
  177  13:03  Stalker x2  
  187  13:12  Warp Prism  
  187  13:16  Zealot x3  
  193  13:26  Zealot x2  
  180  13:28  Zealot  
  180  13:29  Zealot x2  
  180  13:30  Probe x5  
  180  13:32  Stalker x4  
  168  13:42  Probe x5  
  168  13:46  Stalker x2  
Show
View Real Time Build Order
Export as new Build Order

Lambo Zerg 

Build Orders: Hatch First, Muta Ling Bane 

Get SALT Encoding   

  12  0:00  Drone  
  13  0:12  Overlord  
  13  0:16  Drone  
  14  0:30  Drone x2  
  16  0:48  Drone x2  
  18  0:57  Hatchery  
  17  0:58  Drone  
  18  1:08  Extractor  
  17  1:12  Spawning Pool  
  17  1:15  Drone  
  17  1:18  Drone  
  18  1:28  Drone  
  20  1:40  Drone  
  20  1:54  Overlord  
  20  1:59  Queen  
  22  2:09  Zergling x2  
  22  2:10  Drone, Queen  
  22  2:11  Zergling x2  
  22  2:12  Metabolic Boost  
  27  2:21  Drone  
  28  2:25  Drone  
  29  2:32  Drone  
  30  2:43  Drone, Hatchery  
  30  2:49  Drone  
  31  2:53  Overlord, Drone  
  32  2:58  Queen  
  32  3:05  Spore Crawler  
  33  3:09  Drone x3  
  33  3:12  Drone x2  
  38  3:15  Drone  
  39  3:20  Drone x3  
  39  3:24  Overlord  
  42  3:32  Overlord  
  42  3:33  Drone  
  43  3:42  Queen  
  43  3:43  Roach Warren, Lair  
  43  3:46  Drone  
  43  3:48  Drone  
  46  3:49  Extractor  
  46  3:51  Drone x2  
  46  3:54  Drone  
  48  3:55  Drone  
  48  3:56  Drone  
  48  4:01  Drone x2  
  52  4:04  Drone  
  52  4:06  Drone x2  
  52  4:09  Extractor, Drone x2  
  56  4:16  Overlord  
  56  4:17  Overlord  
  56  4:18  Drone  
  57  4:24  Overlord  
  57  4:28  Overlord  
  57  4:36  Overlord  
  69  4:38  Roach x6  
  69  4:42  Roach x2  
  72  4:48  Drone  
  72  4:50  Overseer  
  72  4:51  Overseer  
  73  4:55  Overlord  
  73  4:56  Drone x5  
  78  5:00  Evolution Chamber  
  78  5:06  Drone x3  
  80  5:09  Drone x4  
  80  5:14  Drone  
  80  5:17  Drone  
  80  5:19  Drone  
  80  5:20  Glial Reconstitution  
  80  5:21  Extractor  
  78  5:22  Extractor  
  78  5:23  Drone x2  
  78  5:24  Extractor  
  78  5:25  Queen  
  80  5:29  Drone x2  
  80  5:32  Drone x3  
  80  5:35  Overlord  
  84  5:37  Drone x3  
  84  5:40  Drone  
  88  5:46  Drone x3  
  91  5:53  Spire, Drone  
  91  5:55  Drone  
  92  5:58  Drone x3  
  92  5:59  Drone  
  96  6:08  Zerg Missile Weapons Level 1  
  96  6:18  Queen, Hatchery  
  98  6:25  Roach x2  
  99  6:26  Roach x3  
  102  6:36  Overlord  
  102  6:40  Roach x2  
  102  6:45  Drone x3  
  105  6:50  Baneling Nest, Overlord  
  105  6:51  Overlord  
  104  6:56  Overlord  
  104  6:57  Overlord  
  104  6:59  Overlord  
  104  7:07  Overlord  
  104  7:10  Overlord  
  104  7:12  Drone  
  104  7:14  Drone  
  106  7:16  Mutalisk x8  
  106  7:18  Zerg Flyer Weapons Level 1  
  106  7:22  Mutalisk x2  
  126  7:24  Drone  
  126  7:29  Drone x3  
  130  7:34  Drone x4, Centrifical Hooks  
  134  7:39  Drone x2, Queen  
  134  7:40  Infestation Pit  
  134  7:41  Unknown  
  136  7:48  Zergling x12  
  142  7:55  Overlord  
  142  7:58  Overseer  
  142  8:00  Drone x5  
  142  8:02  Zerg Melee Weapons Level 1  
  142  8:03  Drone x2  
  142  8:05  Evolution Chamber  
  148  8:13  Zergling x18  
  148  8:17  Overlord  
  148  8:19  Overlord  
  157  8:21  Hive  
  157  8:24  Overlord  
  157  8:27  Overlord  
  157  8:28  Overlord  
  157  8:31  Drone x4  
  160  8:36  Spine Crawler  
  159  8:42  Roach x4  
  159  8:43  Roach x4  
  173  8:52  Overlord, Pneumatized Carapace  
  173  8:53  Overlord  
  173  8:55  Hatchery  
  172  8:58  Zerg Missile Weapons Level 2  
  172  8:59  Baneling x5  
  172  9:00  Ravager x2  
  174  9:03  Zergling x20  
  174  9:07  Queen  
  186  9:11  Spore Crawler  
  186  9:12  Spine Crawler  
  186  9:14  Unknown  
  183  9:18  Overseer  
  183  9:22  Spore Crawler, Spine Crawler  
  175  9:32  Drone x3  
  175  9:33  Drone x2  
  179  9:41  Adrenal Glands  
  179  9:42  Drone x2, Greater Spire  
  178  9:50  Roach  
  178  9:51  Zergling x16, Roach x5  
  198  9:53  Overlord  
  198  10:03  Baneling x17  
  198  10:04  Ravager  
  199  10:07  Baneling x7  
  199  10:19  Baneling x12  
  199  10:22  Zerg Melee Weapons Level 2  
  195  10:29  Zergling x8  
  195  10:33  Zergling x2  
  195  10:34  Zergling x26  
  194  10:40  Zergling x2  
  194  10:41  Zergling x6, Roach  
  200  10:48  Zergling x12  
  166  10:50  Roach  
  166  10:52  Roach x4  
  166  10:56  Roach  
  166  10:57  Roach x2  
  153  10:58  Baneling x5  
  153  11:00  Roach  
  153  11:01  Baneling x3  
  139  11:06  Ravager x4  
  139  11:07  Roach  
  139  11:08  Baneling x4  
  139  11:10  Roach  
  144  11:11  Baneling x3  
  144  11:12  Baneling  
  144  11:14  Roach  
  144  11:15  Roach  
  140  11:20  Roach x4  
  140  11:21  Roach  
  140  11:23  Roach  
  140  11:25  Roach x2  
  137  11:31  Roach  
  137  11:32  Roach x3  
  129  11:36  Zergling x4, Roach  
  121  11:40  Zergling x10  
  121  11:42  Roach  
  121  11:43  Zergling x2  
  121  11:46  Roach x2  
  122  11:49  Zergling x4  
  122  11:50  Overseer  
  122  11:51  Roach x2  
  126  11:57  Ravager x10  
  126  11:59  Baneling x5, Ravager  
  132  12:09  Burrow  
  132  12:13  Drone x3  
  132  12:14  Zergling x14  
  142  12:15  Baneling x4  
  142  12:22  Ravager x4  
  145  12:32  Zergling x4  
  147  12:38  Hatchery  
  147  12:40  Corruptor x2  
  150  12:47  Corruptor x2  
  154  12:53  Overlord  
  154  12:56  Baneling x4  
  154  13:01  Baneling x9  
  154  13:02  Queen x2  
  154  13:05  Zergling x8  
  162  13:17  Zergling x24  
  174  13:25  Zergling x2  
  157  13:36  Baneling x10  
  157  13:37  Baneling x8  
  144  13:44  Ravager  
  144  13:45  Baneling x11  
Tags
 
Add a new tag
Caveats
  • Supply blocks, unpowered buildings, or Contaminate may cause inaccurate times.
  • Supply counts are checked every 10 seconds.